 Dungeon Crawl Stone Soup version 0.28-b1 (webtiles) character file.

Game seed: 5019754539795734369

39 Descartes the Grasshopper (level 3, -1/27 HPs)
             Began as a Formicid Warper on Jan 26, 2022.
             Was a Believer of Cheibriados.
             Succumbed to Crazy Yiuf's poison
             ... on level 2 of the Dungeon.
             The game lasted 00:02:40 (1590 turns).

Descartes the Grasshopper (Formicid Warper)         Turns: 1590, Time: 00:02:41

Health: -1/27      AC:  6    Str: 21    XL:     3   Next: 67%
Magic:  1/6        EV: 10    Int: 16    God:    Cheibriados [**....]
Gold:   128        SH:  0    Dex: 14    Spells: 6/6 levels left

rFire   . . .      SeeInvis +   l - +2 dagger (vamp)
rCold   . . .      Faith    .   (no shield)
rNeg    . . .      Spirit   .   k - +0 scale mail
rPois   .          Reflect  .   (helmet unavailable)
rElec   .          Harm     .   (no cloak)
rCorr   .          Rampage  .   (no gloves)
Will    .....                   (no boots)
Stlth   ..........              (no amulet)
HPRegen 0.09/turn               (no ring)
MPRegen 0.10/turn               (no ring)

@: lethally poisoned (-1 -> -25), very slow
A: permanent stasis, dig shafts and tunnels, antennae 3, four strong arms
a: Dig, Shaft Self, Renounce Religion, Bend Time


You were on level 2 of the Dungeon.
You worshipped Cheibriados.
Cheibriados was pleased with you.
You visited 1 branch of the dungeon, and saw 2 of its levels.

You collected 128 gold pieces.

Inventory:

Hand Weapons
 a - a +0 hand axe
 l - a +2 vampiric dagger (weapon)
Missiles
 c - 5 boomerangs of dispersal (quivered)
 m - 4 stones
Armour
 b - a +0 leather armour
 k - a +0 scale mail (worn)
Jewellery
 e - an amulet of faith
 h - a ring of magical power
Scrolls
 f - a scroll of amnesia {unknown}
 g - a scroll of teleportation {unknown}
 i - a scroll of vulnerability {unknown}
 n - a scroll of holy word {unknown}
 o - a scroll of identify {unknown}
 p - a scroll of noise {unknown}
Potions
 d - a potion of heal wounds {unknown}
 j - a potion of might


   Skills:
 - Level 2.1 Fighting
 - Level 2.0 Axes
 - Level 1.0 Throwing
 + Level 2.1 Armour
 - Level 1.7 Dodging
 - Level 2.1 Spellcasting
 + Level 3.6 Translocations


You had 6 spell levels left.
You didn't know any spells.
Your spell library contained the following spells:

 Spells                   Type           Power      Damage    Failure   Level
 Apportation              Tloc           26%        N/A       13%         1
 Gell's Gravitas          Tloc           13%        N/A       36%         3
 Lesser Beckoning         Tloc           13%        N/A       36%         3
 Teleport Other           Tloc           13%        N/A       36%         3
 Sting                    Tmut/Pois      4%         1d3       50%         1
 Ensorcelled Hibernation  Hex/Ice        2%         N/A       65%         2
 Manifold Assault         Tloc           13%        N/A       98%         5
 Ice Form                 Ice/Tmut       1%         N/A       99%         4
 Alistair's Intoxication  Tmut/Pois      0%         N/A       100%        5
 Simulacrum               Ice/Necr       0%         N/A       100%        6
 Blink                    Tloc           Unusable   N/A       N/A         2

Dungeon Overview and Level Annotations

Branches:
Dungeon (2/15)

Altars:
Cheibriados

Annotations:
D:2 Crazy Yiuf


Innate Abilities, Weirdness & Mutations

You cannot be hasted, slowed, berserked, paralysed or teleported.
You can dig through walls and to a lower floor.
You have a pair of large antennae on your head. (SInv)
Your four strong arms can wield two-handed weapons with a shield.


Message History

No target in view!
No target in view!
No target in view!
No target in view!
No target in view!
Things that are here:
a +0 club; a goblin corpse You see here 9 arrows.
Found a mace.
Found a runed translucent door.
Crazy Yiuf shouts!
You sense a monster nearby.
Crazy Yiuf screams, "Action illywillydillykilly ladder!"
You open the door. You barely miss Crazy Yiuf. Crazy Yiuf barely misses you.
You barely miss Crazy Yiuf.
Crazy Yiuf drinks a potion.
Crazy Yiuf seems to grow stronger.
You barely miss Crazy Yiuf.
Crazy Yiuf grits, "Trifle!"
Crazy Yiuf barely misses you.
You hit Crazy Yiuf.
Crazy Yiuf is moderately wounded.
Crazy Yiuf hits you with a +3 quarterstaff of chaos!
You feel your power leaking away.
You hit Crazy Yiuf.
Crazy Yiuf is heavily wounded.
Crazy Yiuf laughs, "Rot return to song Orb Guardian!"
Crazy Yiuf hits you with a +3 quarterstaff of chaos.
You are poisoned.
You hit Crazy Yiuf but do no damage.
Crazy Yiuf is heavily wounded.
You feel sick. Crazy Yiuf barely misses you.
You hit Crazy Yiuf.
You feel better.
Crazy Yiuf is severely wounded.
You feel sick.
Crazy Yiuf hits you with a +3 quarterstaff of chaos!
* * * LOW HITPOINT WARNING * * *
You are more poisoned.
You hit Crazy Yiuf.
Crazy Yiuf is severely wounded.
You die...

###..####....####
##.# #....# #.#
♣.PP.♣ #.# ♣♣PP.♣
#.# ♣♣.♣♣
##########.# ♣♣.♣
...........# ♣.♣♣
############ ♣♣.♣
♣@♣♣ #g# ...
#...# ### #)..#
..# ##### #.#
#.############
#............#


You could see Crazy Yiuf (strong).

Vanquished Creatures
  2 dart slugs (D:2)
  5 ball pythons
  2 endoplasms
  2 giant cockroaches
  3 goblins
  3 hobgoblins
  2 kobolds
  3 quokkas
  2 frilled lizards (D:2)
  8 rats
32 creatures vanquished.

Vanquished Creatures (others)
  A fungus (D:1)
1 creature vanquished.

Grand Total: 33 creatures vanquished

Notes
Turn   | Place    | Note
-------+----------+-------------------------------------------
     0 | D:1      | Descartes the Formicid Warper began the quest for the Orb.
     0 | D:1      | Reached XP level 1. HP: 16/16 MP: 3/3
   311 | D:1      | Reached skill level 3 in Translocations
   356 | D:1      | Reached XP level 2. HP: 22/22 MP: 5/5
   389 | D:1      | Found a faded altar of an unknown god.
   401 | D:1      | Got Plato's Tome of Envenoming
   402 | D:1      | Prayed at the altar of an unknown god.
   402 | D:1      | Became a worshipper of Cheibriados the Contemplative
   402 | D:1      | Reached * piety under Cheibriados
   536 | D:1      | Got the Disquisition on the Snowflakes
   998 | D:2      | Reached XP level 3. HP: 27/27 MP: 6/6
  1349 | D:2      | Reached ** piety under Cheibriados
  1578 | D:2      | Found a runed translucent door.
  1579 | D:2      | Noticed Crazy Yiuf
  1590 | D:2      | Succumbed to Crazy Yiuf's poison

Illustrated notes

Levels and vault maps discovered:
D:1:      giann_horns, layout_loops_ring, shapermc_ecumenical_altar_rom_forum
D:2:      layout_loops_ring, uniq_crazy_yiuf_cottage

Skill      XL: |  1  2  3 |
---------------+----------+-----
Translocations | 3 |  3.6
Armour         | 2 |  2.1
Fighting       | |  2.1
Axes           | |  2.0
Throwing       | |  1.0
Dodging        | |  1.7
Spellcasting   | |  2.1

Action                   || total
-------------------------++-------
Melee: Hand axe          ||    71
       Dagger            ||    33
 Stab: Sleeping          ||     1
Armor: Leather armour    ||    10
       Scale mail        ||    12
Dodge: Dodged            ||    69
